 Dungeon Crawl Stone Soup version 0.27.1-33-g824d729ab1 (webtiles) character file.

Game seed: 9232596232997983896

214 SensoryNuts the Ruffian (level 5, 0/40 HPs)
             Began as a Minotaur Transmuter on Dec 6, 2021.
             Was a Believer of Nemelex Xobeh.
             Slain by a necrophage (6 damage)
             ... on level 6 of the Dungeon.
             The game lasted 00:04:03 (3128 turns).

SensoryNuts the Ruffian (Minotaur Transmuter)       Turns: 3128, Time: 00:04:03

Health: 0/40       AC: 10    Str: 15    XL:     5   Next: 60%
Magic:  7/7        EV:  4    Int: 10    God:    Nemelex Xobeh [**....]
Gold:   98         SH:  0    Dex: 11    Spells: 7/8 levels left

rFire    . . .     SeeInvis .     - Unarmed
rCold    . . .     Faith    .   (no shield)
rNeg     . . .     Spirit   .   g - +0 plate armour
rPois    .         Reflect  .   (helmet restricted)
rElec    .         Harm     .   (no cloak)
rCorr    .         Rampage  .   (no gloves)
Will     .....                  (no boots)
Stlth    ..........             b - amulet of the acrobat
HPRegen  0.13/turn              (no ring)
MPRegen  0.10/turn              (no ring)

@: flying
A: horns 2, retaliatory headbutt
a: Renounce Religion, Draw Escape, Draw Destruction, Draw Summoning


You were on level 6 of the Dungeon.
You worshipped Nemelex Xobeh.
Nemelex Xobeh was pleased with you.
You visited 1 branch of the dungeon, and saw 4 of its levels.

You collected 98 gold pieces.

Inventory:

Armour
 a - a +0 robe
 g - a +0 plate armour (worn)
Magical Staves
 f - a staff of cold
Jewellery
 b - an amulet of the acrobat (around neck)
Scrolls
 c - 3 scrolls of identify {unknown}
 d - a scroll of fear {unknown}
 e - a scroll of noise {unknown}
 i - 2 scrolls of teleportation {unknown}


   Skills:
 + Level 1.4 Fighting
 + Level 0.4 Armour
 + Level 3.2 Dodging
 + Level 0.3 Stealth
 + Level 4.9 Unarmed Combat
 + Level 2.3 Spellcasting
 + Level 2.4 Transmutations


You had 7 spell levels left.
You knew the following spells:

 Your Spells              Type           Power      Damage    Failure   Level
a - Beastly Appendage     Tmut           12%        N/A       100%        1

Your spell library contained the following spells:

 Spells                   Type           Power      Damage    Failure   Level
 Passwall                 Tmut/Erth      2%         N/A       100%        2
 Sublimation of Blood     Necr           0%         N/A       100%        2
 Wereblood                Tmut           6%         N/A       100%        2
 Spider Form              Tmut/Pois      1%         N/A       100%        3
 Swiftness                Air            1%         N/A       100%        3
 Ice Form                 Ice/Tmut       3%         N/A       100%        4
 Petrify                  Tmut/Erth      3%         N/A       100%        4
 Irradiate                Conj/Tmut      1%         3d14      100%        5
 Invisibility             Hex            0%         N/A       100%        6


Dungeon Overview and Level Annotations

Branches:
Dungeon (3/15)

Altars:
Nemelex Xobeh

Shops:
D:1 *


Innate Abilities, Weirdness & Mutations

You have a pair of horns on your head.
You reflexively headbutt those who attack you in melee.


Message History

The orc priest barely misses you.
You draw a card...
You have drawn the Dance.
Your centaur barely misses the necrophage.
Your centaur kicks the necrophage but does no damage.
Your centaur hits the hound.
Your centaur kicks the hound but does no damage.
The hound bites you.
Your hell hound bites the orc priest.
The necrophage hits you.
* * * LOW HITPOINT WARNING * * *
You feel drained.
* * * LOW HITPOINT WARNING * * *
The orc priest miscasts a cantrip.
You hear some strange, mumbled words.
You are confused.
Your rust devil hits the orc priest.
The orc priest dies!
Your centaur hits the necrophage.
Your centaur kicks the necrophage.
Your centaur hits the hound.
Your centaur kicks the hound but does no damage.
Unknown command.
You feel better. The hound bites you but does no damage.
Your centaur barely misses the necrophage.
Your centaur misses the necrophage. Your centaur hits the hound.
Your centaur kicks the hound but does no damage.
The hound bites you but does no damage. The necrophage hits you.
* * * LOW HITPOINT WARNING * * *
Something hits you but does no damage.
Your hell hound bites the necrophage!
Your rust devil hits the hound.
The hound dies!
Your life force feels restored.
It was a potion of flight.
You feel very buoyant.
You fly up into the air.
Your centaur barely misses the necrophage.
Your centaur kicks the necrophage.
A bullfrog skeleton comes into view.
Your hell hound closely misses something.
The necrophage hits you.
You die...
Your body disappears without a glow.

##..# #....
.... # ... #.
##))####
...#......####
#..)..{h(....#
......n@4....#
...#.c.c....##
#........#
#?..........#
##......†..##
.....>......#
..............
Z..............
.......".###...


You could see a necrophage (ally target), a bullfrog skeleton, a friendly rust
devil (summoned), a friendly hell hound (summoned), 2 friendly centaurs and a
friendly +2 demon trident "Undertaker" {drain, +Blink Int+4} (summoned).

Vanquished Creatures
  A scorpion (D:6)
  Jessica (D:2)
  Robin (D:2)
  2 adders
  A dart slug (D:2)
  3 orcs
  4 endoplasms
  4 giant cockroaches
  7 goblins
  11 hobgoblins
  5 kobolds
  6 quokkas
  5 ball pythons
  6 bats
  A frilled lizard (D:1)
  5 rats
63 creatures vanquished.

Vanquished Creatures (collateral kills)
  A hound (D:6)
  An orc priest (D:6)
2 creatures vanquished.

Vanquished Creatures (others)
  An orc (D:6)
  A goblin (D:2)
2 creatures vanquished.

Grand Total: 67 creatures vanquished

Notes
Turn   | Place    | Note
-------+----------+-------------------------------------------
     0 | D:1      | SensoryNuts the Minotaur Transmuter began the quest for the
                  | Orb.
     0 | D:1      | Reached XP level 1. HP: 16/16 MP: 1/1
    60 | D:1      | Found a faded altar of an unknown god.
    61 | D:1      | Noticed a shining eye
   212 | D:1      | Noticed an eye of devastation
   217 | D:1      | Noticed a floating eye
   218 | D:1      | Noticed a floating eye
   229 | D:1      | Reached XP level 2. HP: 9/23 MP: 3/3
   236 | D:1      | Became a worshipper of Nemelex Xobeh the Trickster
   236 | D:1      | Reached * piety under Nemelex Xobeh
   557 | D:1      | Found Cisk's Assorted Antiques.
  1140 | D:2      | Received a gift from Nemelex Xobeh
  1168 | D:2      | Noticed Robin
  1173 | D:2      | Killed Robin
  1174 | D:2      | Reached XP level 3. HP: 18/28 MP: 4/4
  1282 | D:2      | Reached skill level 4 in Unarmed Combat
  1798 | D:2      | Noticed Jessica
  1807 | D:2      | Killed Jessica
  1808 | D:2      | Reached XP level 4. HP: 25/35 MP: 3/5
  2388 | D:3      | Reached ** piety under Nemelex Xobeh
  2388 | D:3      | Received a gift from Nemelex Xobeh
  2608 | D:3      | Found a glowing drain.
  3114 | D:3      | You fall into a shaft and drop 3 floors!
  3114 | D:6      | Noticed a necrophage
  3114 | D:6      | Noticed a scorpion
  3119 | D:6      | Killed a scorpion
  3120 | D:6      | Reached XP level 5. HP: 40/40 MP: 7/7
  3126 | D:6      | Identified the +2 demon trident "Undertaker" {drain, +Blink
                  | Int+4}
  3128 | D:6      | Slain by a necrophage

Illustrated notes

Levels and vault maps discovered:
D:1:      dpeg_arrival_solitude, layout_basic, serial_shops, shop,
          hellmonk_ecumenical_altar_watching_god
D:2:      layout_rooms, minmay_cut_off, uniq_jessica, uniq_robin
D:3:      layout_loops_corners, gup_sewer_entry_spiral
D:6:      layout_cave_pools, nicolae_ru_great_annihilating_truth,
          mainiacjoe_overflow_surrounded_room, gammafunk_temple_overflow_statue,
          marbit_many_paths

Skill      XL: |  1  2  3  4 |
---------------+-------------+-----
Dodging        | 3 |  3.2
Transmutations | 2 |  2.4
Unarmed Combat | 4 |  4.9
Spellcasting   | 2 |  2.3
Fighting       | |  1.4
Armour         | |  0.4
Stealth        | |  0.3

Action                   |  1- 3 |  4- 6 || total
-------------------------+-------+-------++-------
Melee: Unarmed           |    55 |    57 ||   112
       Headbutt          |     9 |     9 ||    18
       Kick              |     3 |     1 ||     4
       Punch             |       |     3 ||     3
 Cast: Beastly Appendage |    19 |     4 ||    23
Invok: Draw Destruction  |     2 |     4 ||     6
       Draw Summoning    |       |     3 ||     3
  Use: Potion            |     1 |     2 ||     3
Armor: Robe              |     8 |     2 ||    10
       Plate armour      |       |    33 ||    33
Dodge: Dodged            |    46 |    30 ||    76
